 Dungeon Crawl Stone Soup version 0.30.0-13-g156ef70053 (webtiles) character file.

Game seed: 2367167186022355757

1476 Iich the Cleaver (level 8, 0/74 HPs)
             Began as a Hill Orc Fighter on May 17, 2023.
             Was an Initiate of Okawaru.
             Slain by a two-headed ogre
             ... wielding a +0 giant club
              (16 damage)
             ... on level 7 of the Dungeon.
             The game lasted 00:08:42 (5985 turns).

Iich the Cleaver (Hill Orc Fighter)                 Turns: 5985, Time: 00:08:42

Health: 0/74       AC: 16    Str: 19    XL:     8   Next: 78%
Magic:  8/8        EV:  7    Int:  8    God:    Okawaru [......]
Gold:   273        SH:  9    Dex: 12    Spells: 7/7 levels left

rFire   . . .        a - +0 war axe
rCold   . . .        c - +0 buckler
rNeg    . . .        e - +0 chain mail
rPois   +            p - +1 helmet
rElec   .            i - +2 cloak
rCorr   .            s - +1 pair of gloves
SInv    .            (no boots)
Will    .....        m - amulet of reflection Stlth
                     h - ring of flight
HPRegen 0.32/turn    P - ring of poison resistance
MPRegen 0.11/turn

%: reflection
@: mighty, about to teleport, flying
A: no striking features
a: Renounce Religion


You were on level 7 of the Dungeon.
You worshipped Okawaru.
Okawaru was noncommittal.
You visited 2 branches of the dungeon, and saw 8 of its levels.

You collected 318 gold pieces.
You spent 45 gold pieces at shops.

Inventory:

Hand Weapons
 a - a +0 war axe (weapon)
Armour
 b - a +0 scale mail
 c - a +0 buckler (worn)
 e - a +0 chain mail (worn)
 i - a +2 cloak (worn)
 k - a +0 plate armour
 p - a +1 helmet (worn)
 s - a +1 pair of gloves (worn)
Jewellery
 h - a ring of flight (left hand)
 m - an amulet of reflection (around neck)
 P - a ring of poison resistance (right hand)
Wands
 n - a wand of charming (11)
 v - a wand of iceblast (8)
 y - a wand of flame (19)
Scrolls
 g - 3 scrolls of fear
 l - a scroll of amnesia
 t - 3 scrolls of teleportation
 u - a scroll of noise
 x - a scroll of vulnerability
 z - a scroll of magic mapping
 A - a scroll of silence {unknown}
Potions
 d - a potion of might
 f - a potion of magic {unknown}
 j - 2 potions of flight
 o - 2 potions of resistance {unknown}
 q - 3 potions of curing
 r - a potion of lignification {unknown}
 w - 2 potions of brilliance {unknown}


   Skills:
 + Level 8.1 Fighting
 * Level 11.6 Axes
 - Level 3.2 Armour
 - Level 3.2 Shields


You had 7 spell levels left.
You didn't know any spells.
Your spell library contained the following spells:

 Spells                   Type           Power      Damage    Failure   Level
 Foxfire                  Conj/Fire      0%         2x1d4     99%         1
 Magic Dart               Conj           0%         1d3       99%         1
 Ensorcelled Hibernation  Hex/Ice        0%         N/A       100%        2
 Passwall                 Tmut/Erth      0%         N/A       100%        2
 Mephitic Cloud           Conj/Pois/Air  0%         N/A       100%        3
 Swiftness                Air            0%         N/A       100%        3
 Fireball                 Conj/Fire      0%         3d3       100%        5
 Plasma Beam              Fire/Air       0%         2x1d11    100%        6
 Starburst                Conj/Fire      0%         6d3       100%        6
 Call Imp                 Summ           Unusable   N/A       N/A         2

Dungeon Overview and Level Annotations

Branches:
Dungeon (7/15)             Temple (1/1) D:6

Altars:
Cheibriados
Elyvilon
Hepliaklqana
Kikubaaqudgha
Makhleb
Okawaru
Ru
Trog
Vehumet
Wu Jian
Xom
Zin

Shops:
D:3 =?[*


Message History

Found a stone staircase leading up.
Found 4 stones.
A two-headed ogre comes into view.
It is wielding a +0 giant club and a +0 dire flail.
The two-headed ogre shouts in stereo!
You hit the two-headed ogre but do no damage.
The two-headed ogre hits you with a +0 giant club.
You block the two-headed ogre's attack.
You take 5 damage, and have 69/74 hp.
You closely miss the two-headed ogre.
You hit the two-headed ogre but do no damage.
The two-headed ogre hits you with a +0 giant club!
You block the two-headed ogre's attack.
You take 8 damage, and have 61/74 hp.
You slash the two-headed ogre!
The two-headed ogre is lightly wounded.
The two-headed ogre hits you with a +0 giant club!
The two-headed ogre hits you with a +0 dire flail!
* * * LOW HITPOINT WARNING * * *
You are too injured to fight recklessly!
You take 28 damage, and have 33/74 hp. !!!!--MASSIVE DAMAGE--!!!!
You are too injured to fight recklessly!
Aiming: Iceblast
Press: ? - help, Q - select action, (/) - cycle Shift-Dir - straight line The mass of ice explodes!
The iceblast engulfs the two-headed ogre!
The two-headed ogre is moderately wounded.
Unknown command.
You feel better.
You block the two-headed ogre's attack. x2
You regained 6 hp, and now have 39/74 hp.
You feel very mighty all of a sudden.
The two-headed ogre hits you with a +0 giant club.
* * * LOW HITPOINT WARNING * * *
The two-headed ogre hits you with a +0 dire flail!!
* * * LOW HITPOINT WARNING * * *
You take 24 damage, and have 15/74 hp. !!!!--MASSIVE DAMAGE--!!!!
As you read the scroll of teleportation, it crumbles to dust.
You feel strangely unstable.
The two-headed ogre attacks as you move away!
The two-headed ogre hits you with a +0 giant club!
You die...

########. #.......#
#.......# #.......#
#.......# .#.##.......#
............#
#.#..O@...#
#...####.####(#
#.###..##........# #.#
#.....<.###..#
###.###.###.### #
#.....#.###.#
#.#.#....##.##.##.#
######.#....#..........#
##.......#....##.#######


You could see a two-headed ogre.

Vanquished Creatures
  2 water moccasins (D:6)
  2 black bears
  An ice beast (D:6)
  A sky beast (D:6)
  An ogre (D:6)
  A phantom (D:5)
  A bullfrog (D:5)
  A scorpion (D:4)
  A jelly (D:5)
  2 sleepcaps
  5 hounds
  4 iguanas
  2 orc wizards (D:4)
  Robin (D:3)
  3 gnolls (D:3)
  9 adders
  An ufetubus (D:3)
  3 worms
  3 dart slugs
  14 orcs
  2 bats
  4 endoplasms
  5 giant cockroaches
  13 goblins
  6 hobgoblins
  4 jackals (D:3)
  2 quokkas
  2 ball pythons
  2 frilled lizards (D:3)
  3 kobolds
  5 rats
106 creatures vanquished.

Notes
Turn   | Place    | Note
-------+----------+-------------------------------------------
     0 | D:1      | Iich the Hill Orc Fighter began the quest for the Orb.
     0 | D:1      | Reached XP level 1. HP: 19/19 MP: 1/1
    54 | D:1      | Reached skill level 3 in Axes
   175 | D:1      | Reached XP level 2. HP: 27/27 MP: 2/2
  1018 | D:2      | Reached skill level 4 in Axes
  1018 | D:2      | Reached XP level 3. HP: 15/33 MP: 3/3
  2060 | D:3      | Reached XP level 4. HP: 34/41 MP: 4/4
  2061 | D:3      | Reached skill level 5 in Axes
  2169 | D:3      | Found Haxtounn's Jewellery Shoppe.
  2178 | D:3      | Reached XP level 5. HP: 47/47 MP: 5/5
  2217 | D:3      | Noticed Robin
  2230 | D:3      | Killed Robin
  2231 | D:3      | Reached skill level 5 in Fighting
  2231 | D:3      | Reached skill level 6 in Axes
  2261 | D:3      | Found Meifoeh's Armour Shop.
  2270 | D:3      | Bought a +0 pair of gloves for 45 gold pieces
  2289 | D:3      | Found Zyagrawe's Magic Scroll Emporium.
  2351 | D:3      | Found Tabim's General Store.
  2952 | D:4      | Reached XP level 6. HP: 14/56 MP: 6/6
  3146 | D:4      | Reached skill level 7 in Axes
  3787 | D:5      | Entered Level 5 of the Dungeon
  3846 | D:5      | Reached skill level 8 in Axes
  3846 | D:5      | Reached XP level 7. HP: 57/63 MP: 7/7
  4394 | D:5      | Reached skill level 9 in Axes
  4933 | D:6      | Reached XP level 8. HP: 45/73 MP: 8/8
  4936 | D:6      | Reached skill level 10 in Axes
  5226 | D:6      | Found a staircase to the Ecumenical Temple.
  5235 | Temple   | Entered the Ecumenical Temple
  5235 | Temple   | Found a transporter.
  5235 | Temple   | Found a transporter.
  5237 | Temple   | Found a transporter.
  5237 | Temple   | Found a transporter.
  5273 | Temple   | Became a worshipper of Warmaster Okawaru
  5319 | D:6      | Reached skill level 11 in Axes
  5525 | D:6      | Found an ornate altar of the Wu Jian Council.
  5527 | D:6      | Found a burning altar of Makhleb.
  5527 | D:6      | Found an ancient bone altar of Kikubaaqudgha.
  5529 | D:6      | Found a sacrificial altar of Ru.
  5529 | D:6      | Found a shimmering altar of Xom.
  5529 | D:6      | Found an iron altar of Okawaru.
  5972 | D:7      | Noticed a two-headed ogre
  5985 | D:7      | Slain by a two-headed ogre

Illustrated notes

Levels and vault maps discovered:
D:1:      scummos_arrival_forest, layout_basic, minmay_hedge_maze,
          minmay_misc_feat_room
D:2:      layout_basic, minivault_25, minmay_parallelograms,
          nicolae_underground_beach
D:3:      layout_loops_corners, serial_shops,
          nicolae_shop_pleasant_corner_grove, nicolae_shop_advertising_works
          [nicolae_subvault_shop_adworks], nicolae_shop_gaudy_bauble,
          nicolae_shop_getting_attention, serial_forest,
          infiniplex_forest_corner_1, infiniplex_forest_lined_4_way,
          infiniplex_forest_end_1, infiniplex_forest_clump_small,
          infiniplex_forest_clump_cross, infiniplex_forest_straight_2,
          infiniplex_forest_side_room, infiniplex_forest_clump_large,
          infiniplex_forest_lined_corner, infiniplex_forest_end_2, uniq_robin
D:4:      layout_loops_cross
D:5:      layout_loops_corners
D:6:      layout_basic, doesnt_xom_only_xom, minmay_temple_entry_junction_2
D:7:      layout_loops_cross, serial_shops, shop, nicolae_shop_waterfront
Temple:   hellmonk_temple_divided_pantheon

Skill      XL: |  1  2  3  4  5  6  7  8 |
---------------+-------------------------+-----
Axes           | 3 4 5 6 8 9 11 | 11.6
Fighting       | 4 5 6 7 8 |  8.1
Armour         | |  3.2
Shields        | |  3.2

Action                     |  1- 3 |  4- 6 |  7- 9 || total
---------------------------+-------+-------+-------++-------
  Melee: War axe           |   132 |   144 |   156 ||   432
  Evoke: Wand              |       |       |     1 ||     1
    Use: Scroll            |     3 |     4 |     3 ||    10
         Potion            |       |     1 |     3 ||     4
 Armour: Scale mail        |    23 |       |       ||    23
         Chain mail        |    10 |    55 |    86 ||   151
  Dodge: Dodged            |    33 |    29 |    38 ||   100
  Block: Buckler           |    14 |    55 |    67 ||   136
